 Dungeon Crawl Stone Soup version 0.20-a0-1124-g2e29d97 (webtiles) character file.

35 4thArraOfDagon the Ruffian (level 3, 4/33 HPs)
             Began as a Troll Transmuter on May 16, 2017.
             Quit the game on level 6 of the Dungeon.
             The game lasted 00:02:12 (322 turns).

4thArraOfDagon the Ruffian (Troll Transmuter)        Turns: 322, Time: 00:02:13

Health: 4/33       AC:  6    Str: 18    XL:     3   Next: 17%
Magic:  3/3        EV: 10    Int: 10    God:
Gold:   20         SH:  0    Dex: 10    Spells: 3/4 levels left

rFire    . . .     SeeInvis .     - Unarmed
rCold    . . .     Gourm    +   (no shield)
rNeg     . . .     Faith    .   b - +1 robe
rPois    .         Spirit   .   (helmet restricted)
rElec    .         Reflect  .   (no cloak)
rCorr    .         Harm     .   (gloves unavailable)
MR       .....                  (boots unavailable)
Stlth    +.........             (no amulet)
Regen    0.6/turn               (no ring)
MPRegen  0.1/turn               (no ring)

@: drained
A: unfitting armour, claws 3, fast metabolism 3, gourmand, regeneration 1,
shaggy fur 1, tough skin 2
a: no special abilities


You were on level 6 of the Dungeon.
You were full.

You visited 1 branch of the dungeon, and saw 6 of its levels.

You collected 20 gold pieces.

Inventory:

Missiles
 a - 12 arrows
Armour
 b - a +1 robe (worn)
Wands
 h - a wand of flame (18/48)
Books
 c - a book of Changes

   Spells                             Type                      Level
   a - Beastly Appendage              Transmutation                1
   b - Sticks to Snakes               Transmutation                2
   c - Spider Form                    Transmutation/Poison         3
   d - Ice Form                       Ice/Transmutation            4
   e - Blade Hands                    Transmutation                5
Comestibles
 d - 2 bread rations
 f - a royal jelly


   Skills:
 + Level 1.1(0.9) Fighting
 + Level 2.1(1.9) Dodging
 * Level 3.7(3.5) Unarmed Combat
 - Level 1.2(1.0) Spellcasting
 - Level 1.3(1.1) Transmutations


You had 3 spell levels left.
You knew the following spells:

 Your Spells              Type           Power        Failure   Level  Hunger
a - Beastly Appendage     Tmut           #.....       22%         1    ##.....


Dungeon Overview and Level Annotations

Branches:
Dungeon (6/15)
 Temple: D:4-7

Altars:

Annotations:
D:5 Ijyb


Innate Abilities, Weirdness & Mutations

You are too large for most types of armour.
You have claws for hands.
Your metabolism is lightning-fast.
You like to eat raw meat.
Your natural rate of healing is unusually fast.
You are covered in fur. (AC +1)
You have very tough skin. (AC +2)


Message History

You feel drained.
Unknown command.
Unknown command.
Unknown command.
A wight comes into view. It is wielding a dagger of freezing.
Unknown command.
You feel sick.
Unknown command.
Unknown command.
Unknown command.
Unknown command.
Unknown command.
Unknown command.
You feel sick.
You feel sick.
You are no longer poisoned.
The iguana closely misses you.
Unknown command.
Unknown command.
Are you sure you want to abandon this character and quit the game? (Confirm with "yes".)

###### # #<...##.#
#.......#
#.##.##.# ###
#..a.# #@# ###..#
#l# #####..##.##
#z#####.##....)...
#.h...#..h...<....
#.###h#.##...#..##
#.....h..z...#....
#####.#......# ..#
#............#
###+#..#.###.#


You could see an iguana, a wight and a jackal.

Vanquished Creatures
  A worm (D:2)
  A dart slug (D:2)
  A leopard gecko (D:2)
  3 orcs (D:5)
  A bat (D:2)
  2 goblins
  A kobold (D:2)
  A ball python (D:3)
11 creatures vanquished.

Vanquished Creatures (collateral kills)
  2 orcs (D:5)
2 creatures vanquished.

Vanquished Creatures (others)
  An iguana (D:5)
1 creature vanquished.

Grand Total: 14 creatures vanquished

Notes
Turn   | Place    | Note
-------+----------+-------------------------------------------
     0 | D:1      | 4thArraOfDagon the Troll Transmuter began the quest for the Orb.
     0 | D:1      | Reached XP level 1. HP: 18/18 MP: 1/1
   112 | D:2      | Reached skill level 1 in Fighting
   161 | D:2      | Reached XP level 2. HP: 16/27 MP: 2/2
   242 | D:3      | You fall through a shaft!
   242 | D:4      | Noticed Ijyb
   247 | D:5      | Entered Level 5 of the Dungeon
   269 | D:5      | Reached XP level 3. HP: 33/33 MP: 3/3
   305 | D:6      | HP: 1/33 [worker ant (3)]
   322 | D:6      | Quit the game

Vault maps used:
D:1:      matt_arrival_spirals, patterned_corridor
D:2:      makhleb_altar_promises_db, nemelex_altar_shiori
D:3:      lemuel_crystal_altar, lemuel_doored_altar, first_bread, minivault_23
D:4:      black_bear_nest_1, kennysheep_little_box, uniq_ijyb
D:5:      nicolae_overflow_hidden_temple, trog_hazing_becter
D:6:      kennysheep_mini

Skill      XL: |  1  2 |
---------------+-------+-----
Fighting       | 1 |  1.1
Dodging        | 2 |  2.1
Unarmed Combat | |  3.7
Spellcasting   | |  1.2
Transmutations | |  1.3

Action                   || total
-------------------------++-------
Melee: Unarmed           ||    48
  Use: Scroll            ||     2
 Stab: Confused          ||     1
  Eat: Chunk             ||     6
Armor: Robe              ||    23
       Skin              ||    11
Dodge: Dodged            ||    46
